 Dungeon Crawl Stone Soup version 0.26-a0-21-gf97e55dc39 (webtiles) character file.

Game seed: 14440485920077601880, levelgen mode: deterministic

4286 MisterFreud the Carver (level 10, -4/65 HPs)
             Began as an Octopode Gladiator on May 26, 2020.
             Was an Elder of Cheibriados.
             Slain by a killer bee (7 damage)
             ... on level 7 of the Dungeon.
             The game lasted 00:11:44 (6682 turns).

MisterFreud the Carver (Octopode Gladiator)         Turns: 6682, Time: 00:11:44

Health: -4/65      AC:  1    Str: 22    XL:     10   Next: 32%
Magic:  22/25      EV: 21    Int: 28    God:    Cheibriados [****..]
Gold:   342        SH:  0    Dex: 24    Spells: 15/17 levels left

rFire    . . .     SeeInvis .   a - +0 long sword
rCold    + . .     Gourm    .   (no shield)
rNeg     . . .     Faith    .   b - +0 hat
rPois    +         Spirit   .   x - amulet of regeneration
rElec    .         Reflect  .   m - ring of poison resistance
rCorr    .         Harm     .   u - +6 ring of intelligence
MR       .....                  v - ring of stealth
Stlth    ++++......             t - ring of protection from cold
HPRegen  0.60/turn              C - ring of magical power
MPRegen  0.19/turn              (no ring)
                                (no ring)
                                (no ring)

@: very slow
A: almost no armour, stealthy swim, amphibious, 8 rings, constrict 8, camouflage
1, gelatinous body 1
a: Bend Time, Temporal Distortion, Slouch, Renounce Religion


You were on level 7 of the Dungeon.
You worshipped Cheibriados.
Cheibriados was greatly pleased with you.
You were hungry.

You visited 1 branch of the dungeon, and saw 8 of its levels.

You collected 342 gold pieces.

Inventory:

Hand Weapons
 a - a +0 long sword (weapon)
Missiles
 c - 2 throwing nets
 s - 38 poisoned darts
 G - 6 boomerangs (quivered)
Armour
 b - a +0 hat (worn)
Jewellery
 m - a ring of poison resistance (left tentacle)
 t - a ring of protection from cold (on tentacle)
 u - a +6 ring of intelligence (right tentacle)
 v - a ring of stealth (on tentacle)
 x - an amulet of regeneration (around mantle)
 C - a ring of magical power (on tentacle)
 D - an uncursed amulet of the acrobat {unknown}
Wands
 y - a wand of enslavement (11)
 F - a wand of disintegration (15)
Scrolls
 e - 2 scrolls of enchant weapon {unknown}
 g - a scroll of blinking {unknown}
 i - 4 scrolls of remove curse
 l - 4 scrolls of teleportation {unknown}
 n - a scroll of magic mapping {unknown}
 p - a scroll of noise {unknown}
 q - a scroll of immolation {unknown}
 r - a scroll of vulnerability {unknown}
 B - a scroll of enchant armour {unknown}
 E - a scroll of identify
Potions
 f - 2 potions of curing
 h - 2 potions of resistance
 k - a potion of might
 o - a potion of flight
 w - 2 potions of lignification
 z - 2 potions of stabbing
 A - a potion of magic
Comestibles
 d - 7 rations
 j - a chunk of flesh


   Skills:
 + Level 4.9 Fighting
 - Level 10.0 Long Blades
 - Level 2.0 Throwing
 - Level 8.0 Dodging
 - Level 4.0 Spellcasting
 - Level 6.0 Invocations


You had 15 spell levels left.
You knew the following spells:

 Your Spells              Type           Power        Failure   Level  Hunger
a - Blink                 Tloc           N/A          11%         2    None

Your spell library contained the following spells:

 Spells                   Type           Power        Failure   Level  Hunger
 Magic Dart               Conj           #...         8%          1    None
 Call Imp                 Summ           #.......     11%         2    None
 Slow                     Hex            #.......     11%         2    None
 Conjure Flame            Conj/Fire      #.......     22%         3    ##.....
 Mephitic Cloud           Conj/Pois/Air  #.......     22%         3    ##.....
 Haunt                    Necr/Summ      #.........   100%        7    #######
 Borgnjor's Revivificati  Necr           #.........   100%        8    #######
 Death's Door             Chrm/Necr      #.........   100%        8    #######
 Infestation              Necr           #.........   100%        8    #######
 Necromutation            Tmut/Necr      #.........   100%        8    #######


Dungeon Overview and Level Annotations

Branches:
Dungeon (8/15)             Temple (0/1) D:6
   Lair: D:8-11

Altars:
Cheibriados
Fedhas
Qazlal
Sif Muna
Trog
Yredelemnul

Shops:
D:7 }


Innate Abilities, Weirdness & Mutations

You cannot wear most types of armour.
You are very stealthy in the water. (Stealth+)
You are amphibious.
You can wear up to eight rings at the same time.
You can use your tentacles to constrict eight enemies at once.
Your skin changes colour to match your surroundings (Stealth+).
Your rubbery body absorbs attacks. (AC +1, EV +1)


Message History

You hear an angry buzzing noise.
Unknown command.
The killer bee closely misses you. The killer bee misses you.
You riposte.
You barely miss the killer bee. You grab the killer bee.
You squeeze the killer bee, but do no damage.
The killer bee is moderately wounded.
You lose your grip on the killer bee.
You climb upwards.
There is a stone staircase leading down here.
You hit the killer bee. Your grab misses the killer bee.
Your squeeze misses the killer bee.
The killer bee is moderately wounded.
The killer bee completely misses you. The killer bee stings you!
* * * LOW HITPOINT WARNING * * *
You feel better.
The killer bee completely misses you. x2
You hit the killer bee. Your grab misses the killer bee.
The killer bee is moderately wounded.
The killer bee stings you!
* * * LOW HITPOINT WARNING * * *
The killer bee stings you!
You die...

#....# ###....)...'..#
#....# ########(...####
#....# #....# #(....#..
#....# #....# #(....#.#
#(...######....# #((...#.#
#........##....###.....#.#
#<.....[[..............#.#
#.......y[............##.#
#........@............##.#
###.......)........#+###.#
#.>....#####.....#.# #.#
#......# #....##.# #.#
#....<.# #.....#.###.#
#......# #.....#.#...#
#......# #.......#.###
#......# ##....####.#
#...#### #.....'....#


You could see a killer bee.

Vanquished Creatures
  Pikel (D:5)
  A queen bee (D:8)
  Prince Ribbit (D:5)
  A phantom (D:4)
  3 slaves (D:5)
  2 black bears
  An ice beast (D:7)
  3 orc warriors
  4 ogres
  3 centaurs
  A big kobold (D:7)
  3 bullfrogs
  2 water moccasin zombies
  2 scorpions
  10 killer bees (D:8)
  4 wights (D:6)
  A howler monkey (D:4)
  3 crimson imps
  A jelly (D:7)
  A gnoll shaman (D:5)
  A bullfrog skeleton (D:5)
  3 orc priests
  A centaur skeleton (D:6)
  2 hounds
  7 orc wizards
  Crazy Yiuf (D:4)
  4 iguanas
  5 worker ants
  A hound zombie (D:5)
  2 worker ant zombies
  6 gnolls
  7 adders
  An adder skeleton (D:4)
  5 worms
  4 dart slugs
  8 leopard geckos
  27 orcs
  A ball python (D:1)
  6 giant cockroaches
  7 hobgoblins
  2 jackals (D:1)
  3 quokkas
  4 bats (D:3)
  10 frilled lizards
  3 goblins
  13 kobolds
  2 leopard gecko skeletons (D:4)
  7 rats
191 creatures vanquished.

Notes
Turn   | Place    | Note
-------+----------+-------------------------------------------
     0 | D:1      | MisterFreud the Octopode Gladiator began the quest for the
                  | Orb.
     0 | D:1      | Reached XP level 1. HP: 14/14 MP: 1/1
    24 | D:1      | Reached XP level 2. HP: 4/20 MP: 2/2
   630 | D:1      | Reached XP level 3. HP: 26/26 MP: 3/3
  1347 | D:2      | Reached XP level 4. HP: 33/33 MP: 4/4
  1619 | D:3      | Found a blossoming altar of Fedhas.
  1658 | D:3      | Reached skill level 4 in Long Blades
  1963 | D:3      | Reached XP level 5. HP: 29/37 MP: 5/5
  2162 | D:3      | Learned a level 2 spell: Blink
  2536 | D:3      | Found a snail-covered altar of Cheibriados.
  2637 | D:3      | Became a worshipper of Cheibriados the Contemplative
  2738 | D:4      | Reached skill level 5 in Long Blades
  2738 | D:4      | Reached XP level 6. HP: 22/43 MP: 6/6
  2914 | D:4      | Reached skill level 6 in Long Blades
  2925 | D:4      | Reached XP level 7. HP: 17/48 MP: 7/7
  3220 | D:4      | Reached skill level 5 in Dodging
  3546 | D:4      | Found a runed translucent door.
  3547 | D:4      | Noticed Crazy Yiuf
  3672 | D:4      | Killed Crazy Yiuf
  3769 | D:5      | Entered Level 5 of the Dungeon
  3787 | D:5      | Noticed Pikel
  3816 | D:5      | Killed Pikel
  3816 | D:5      | Reached skill level 1 in Invocations
  3816 | D:5      | Reached XP level 8. HP: 26/54 MP: 8/8
  3820 | D:5      | Reached * piety under Cheibriados
  3842 | D:5      | Found a stormy altar of Qazlal.
  3847 | D:5      | Noticed a water elemental
  3847 | D:5      | Noticed an air elemental
  3893 | D:5      | Found a basalt altar of Yredelemnul.
  4071 | D:5      | Noticed Prince Ribbit
  4083 | D:5      | Killed Prince Ribbit
  4083 | D:5      | Reached skill level 5 in Invocations
  4233 | D:5      | Reached XP level 9. HP: 54/58 MP: 13/13
  4277 | D:5      | Found a shimmering blue altar of Sif Muna.
  4540 | D:5      | Reached skill level 1 in Spellcasting
  5074 | D:6      | Found a bloodstained altar of Trog.
  5099 | D:6      | Reached ** piety under Cheibriados
  5116 | D:6      | Found a staircase to the Ecumenical Temple.
  5398 | D:6      | Reached skill level 7 in Long Blades
  5625 | D:6      | Reached skill level 8 in Long Blades
  5999 | D:7      | Reached *** piety under Cheibriados
  6333 | D:7      | Reached skill level 9 in Long Blades
  6333 | D:7      | Reached XP level 10. HP: 46/63 MP: 16/16
  6493 | D:7      | Found Mirynt's Gadget Boutique.
  6551 | D:7      | Reached **** piety under Cheibriados
  6672 | D:8      | Reached skill level 10 in Long Blades
  6675 | D:8      | HP: 1/65 [killer bee (9)]
  6680 | D:7      | HP: 2/65 [killer bee (8)]
  6682 | D:7      | Slain by a killer bee

Illustrated notes

Levels and vault maps discovered:
D:1:      minmay_arrival_three_doors, layout_rooms
D:2:      layout_loops_cross
D:3:      layout_basic, lemuel_round_altar, marbit_many_paths,
          minmay_lizard_king
D:4:      layout_cave_pools, kennysheep_crisscross, palyth_stone_intersect,
          minmay_pentomino_pile, uniq_crazy_yiuf_cottage
D:5:      layout_basic, kennysheep_mini_moat, nicolae_qazlal_style_of_elements,
          overflow_temple_1_default, first_ration, uniq_pikel,
          uniq_prince_ribbit1
D:6:      layout_loops_ring, trog_ov_bears_minmay,
          minmay_temple_entry_sparse_star
D:7:      layout_basic, serial_shops, shop, shop, shop, nicolae_shop_stone
D:8:      layout_basic, david_nohive_1

Skill      XL: |  1  2  3  4  5  6  7  8  9 10 |
---------------+-------------------------------+-----
Fighting       | 3 4 |  4.9
Long Blades    | 4 5 6 9 10 | 10.0
Dodging        | 4 8 |  8.0
Invocations    | 1 5 6 |  6.0
Spellcasting   | 4 |  4.0
Throwing       | |  2.0

Action                   |  1- 3 |  4- 6 |  7- 9 | 10-12 || total
-------------------------+-------+-------+-------+-------++-------
Melee: Long sword        |    57 |    88 |   246 |    41 ||   432
       Constrict         |    22 |    20 |    66 |    14 ||   122
       Tentacles         |    13 |    13 |   103 |    23 ||   152
Throw: Boomerang         |       |    11 |    26 |     1 ||    38
       Throwing net      |       |       |     1 |       ||     1
Invok: Slouch            |       |       |       |     1 ||     1
  Use: Scroll            |       |       |    10 |       ||    10
       Potion            |       |       |     2 |     3 ||     5
 Stab: Sleeping          |     7 |    12 |     8 |     3 ||    30
       Distracted        |       |       |     1 |       ||     1
  Eat: Chunk             |     1 |     5 |     8 |       ||    14
Armor: Skin              |     1 |     2 |     7 |     1 ||    11
Dodge: Dodged            |    29 |    54 |   171 |    65 ||   319
       Rpst.: Long sword |    11 |    10 |    56 |    21 ||    98

Table legend:
 A = Non-vault XP
 B = Vault XP
 C = Vault XP percentage of total XP
 D = Non-vault monster count
 E = Vault monster count
 F = Vault count percentage of total count
                 A         B        C        D         E       F
            +---------+---------+-------+---------+---------+-------
      Total |    3735 |    2389 |  39.0 |     160 |      28 |  14.9
            +---------+---------+-------+---------+---------+-------
        D:1 |      51 |       0 |   0.0 |      25 |       0 |   0.0
        D:2 |      37 |       0 |   0.0 |      11 |       0 |   0.0
        D:3 |     114 |      15 |  11.6 |      26 |       9 |  25.7
        D:4 |     566 |     253 |  30.9 |      16 |       4 |  20.0
        D:5 |     710 |    1065 |  60.0 |      25 |       3 |  10.7
        D:6 |    1211 |     126 |   9.4 |      25 |       1 |   3.8
        D:7 |     952 |       0 |   0.0 |      30 |       0 |   0.0
        D:8 |      94 |     930 |  90.8 |       2 |      11 |  84.6
            +---------+---------+-------+---------+---------+-------
